 Dungeon Crawl Stone Soup version 0.31-a0-1074-g0b22e4e0f1 (webtiles) character file.

Game seed: 14432142428178207779

419 Smoke131 the Trooper (level 6, -4/66 HPs)
             Began as an Ogre Gladiator on Dec 5, 2023.
             Was an Initiate of Okawaru.
             Slain by Edmund
             ... wielding a +2 flail of protection
              (9 damage)
             ... on level 4 of the Dungeon.
             The game lasted 00:10:16 (3745 turns).

Smoke131 the Trooper (Ogre Gladiator)               Turns: 3745, Time: 00:10:16

Health: -4/66      AC:  3    Str: 21    XL:     6   Next: 93%
Magic:  6/6        EV: 10    Int:  9    God:    Okawaru [......]
Gold:   267        SH:  0    Dex: 10    Spells: 5/5 levels left

rFire   . . .        a - +1 trident
rCold   + . .        (no shield)
rNeg    . . .        b - +0 robe
rPois   .            c - +0 hat
rElec   .            (no cloak)
rCorr   .            (gloves unavailable)
SInv    .            (boots unavailable)
Will    .....        (no amulet)
Stlth   +            s - ring of protection from cold
HPRegen 0.31/turn    (no ring)
MPRegen 0.10/turn

%: no passive effects
@: hasted, very quick
A: large, unfitting armour, tough skin 1
a: Renounce Religion


You were on level 4 of the Dungeon.
You worshipped Okawaru.
Okawaru was noncommittal.
You visited 2 branches of the dungeon, and saw 5 of its levels.
You also visited: Sewer.

You collected 267 gold pieces.

Inventory:

Hand Weapons
 a - a +1 trident (weapon)
Missiles
 d - 3 throwing nets
 q - 3 boomerangs (quivered)
Armour
 b - a +0 robe (worn)
 c - a +0 hat (worn)
Jewellery
 s - a ring of protection from cold (left hand)
Wands
 h - a wand of polymorph (12)
Scrolls
 i - 2 scrolls of teleportation
 j - 2 scrolls of fog {unknown}
 k - a scroll of immolation
 m - a scroll of enchant weapon
 p - a scroll of brand weapon {unknown}
Potions
 f - a potion of mutation
 g - a potion of heal wounds
 l - a potion of invisibility
 o - a potion of degeneration {unknown}
 r - a potion of magic
 t - a potion of cancellation {unknown}


   Skills:
 + Level 5.0 Fighting
 + Level 5.0 Polearms
 + Level 4.7 Throwing
 - Level 3.0 Dodging
 + Level 0.0 Invocations


You had 5 spell levels left.
You didn't know any spells.
Your spell library contained the following spells:

 Spells                   Type           Power      Damage    Failure   Level
 Blink                    Tloc           0%         N/A       52%         2
 Lesser Beckoning         Tloc           0%         N/A       52%         2
 Momentum Strike          Conj/Tloc      0%         3d8       52%         2
 Wereblood                Tmut           0%         N/A       52%         2
 Gell's Gravitas          Tloc           0%         N/A       77%         3
 Teleport Other           Tloc           0%         N/A       77%         3
 Irradiate                Conj/Tmut      0%         3d11      100%        5
 Dispersal                Tloc           0%         N/A       100%        6
 Eringya's Noxious Bog    Tmut/Pois      0%         4d6       100%        6
 Summon Forest            Summ/Tloc      Unusable   N/A       N/A         5
 Summon Hydra             Summ           Unusable   N/A       N/A         7

Dungeon Overview and Level Annotations

Branches:
Dungeon (4/15)             Temple (1/1) D:4           Sewer (visited)

Altars:
Ashenzari
Cheibriados
Dithmenos
Elyvilon
Fedhas
Hepliaklqana
Kikubaaqudgha
Makhleb
Nemelex Xobeh
Okawaru
Qazlal
Ru
Sif Muna
Trog
Uskayaw
Vehumet
Wu Jian
Xom
Yredelemnul
Zin
The Shining One

Shops:
D:4 :

Annotations:
D:4 1 runed translucent door, Edmund; grandjackal's ghost, amateur DsGl


Innate Abilities, Weirdness & Mutations

You are too large for most types of armour.
You have tough skin. (AC +1)


Message History

Edmund is severely wounded.
Edmund says, "People will remember me!
They'll remember me and die!"
Edmund barely misses you.
Throw: 3 boomerangs
Press: ? - help, Q - select action, (/) - cycle Shift-Dir - straight line, f/p - Edmund
Aim: Edmund, wielding a +2 flail of protection and wearing a +0 chain mail (severely wounded, poisoned, 65% to hit)
You throw a boomerang. The boomerang barely misses Edmund.
Throw: 3 boomerangs
Press: ? - help, Q - select action, (/) - cycle Shift-Dir - straight line, f/p - Edmund
Aim: Edmund, wielding a +2 flail of protection and wearing a +0 chain mail (severely wounded, poisoned, 65% to hit)
You throw a boomerang. The boomerang barely misses Edmund.
Edmund misses you.
Throw: 3 boomerangs
Press: ? - help, Q - select action, (/) - cycle Shift-Dir - straight line, f/p - Edmund
Aim: Edmund, wielding a +2 flail of protection and wearing a +0 chain mail (almost dead, poisoned, 65% to hit)
You throw a boomerang. The boomerang hits Edmund.
Edmund is almost dead.
Edmund barely misses you.
Throw: 3 boomerangs
Press: ? - help, Q - select action, (/) - cycle Shift-Dir - straight line, f/p - Edmund
Aim: Edmund, wielding a +2 flail of protection and wearing a +0 chain mail (almost dead, poisoned, 65% to hit)
You throw a boomerang.
The boomerang hits Edmund but does no damage.
Edmund is almost dead.
Edmund hits you with a +2 flail of protection!
* * * LOW HITPOINT WARNING * * *
Throw: 3 boomerangs
Press: ? - help, Q - select action, (/) - cycle Shift-Dir - straight line, f/p - Edmund
Aim: Edmund, wielding a +2 flail of protection and wearing a +0 chain mail (almost dead, poisoned, 65% to hit)
You throw a boomerang.
The boomerang hits Edmund but does no damage.
Edmund is almost dead.
Throw: 3 boomerangs
Press: ? - help, Q - select action, (/) - cycle Shift-Dir - straight line, f/p - Edmund
Aim: Edmund, wielding a +2 flail of protection and wearing a +0 chain mail (almost dead, poisoned, 65% to hit)
You throw a boomerang. The boomerang hits Edmund.
Edmund is almost dead.
Edmund hits you with a +2 flail of protection!
You die...
Edmund whines, "They better pay attention to me now!"

#.# ## #.# ###. #.#
#...# ########.#
#....#.#.#.....#
##....!#.#......# #
#....8.#8#.8..#.# .#
#..@#.#...##.# .#
#@#.###.#[##.#
#.8.###.8.##....##.##
#[###
#.###.#....(....
#...##..###...#
#.8..##........
#....##.###...#
#....#.# ## #...#
###.#


You could see Edmund (poisoned).

Vanquished Creatures
  2 bullfrogs (Sewer)
  A hound (D:3)
  An orc wizard (D:3)
  9 adders
  5 river rats (Sewer)
  4 orcs (D:3)
  5 bats
  3 endoplasms
  3 giant cockroaches (D:1)
  5 goblins
  7 hobgoblins
  6 jackals
  7 quokkas
  18 ball pythons
  5 frilled lizards
  7 kobolds
  35 rats
123 creatures vanquished.

Notes
Turn   | Place    | Note
-------+----------+-------------------------------------------
     0 | D:1      | Smoke131 the Ogre Gladiator began the quest for the Orb.
     0 | D:1      | Reached XP level 1. HP: 22/22 MP: 1/1
   212 | D:1      | Reached XP level 2. HP: 31/31 MP: 2/2
   392 | D:1      | Reached XP level 3. HP: 37/37 MP: 3/3
  1266 | D:2      | Reached XP level 4. HP: 48/48 MP: 4/4
  1490 | D:3      | Found a faded altar of an unknown god.
  2056 | D:3      | Reached XP level 5. HP: 48/55 MP: 5/5
  2084 | D:3      | Found a glowing golden altar of the Shining One.
  2376 | D:4      | Found a runed translucent door.
  2382 | D:4      | Noticed grandjackal's ghost (amateur DsGl)
  2391 | D:4      | Found a staircase to the Ecumenical Temple.
  2475 | D:4      | Found Vaschomuo's Tremendous Tomes.
  2596 | D:4      | Found a glowing drain.
  2600 | Sewer    | Entered a sewer
  3045 | Sewer    | Reached skill level 5 in Fighting
  3045 | Sewer    | Reached XP level 6. HP: 53/66 MP: 6/6
  3462 | Sewer    | Reached skill level 5 in Polearms
  3542 | Temple   | Entered the Ecumenical Temple
  3573 | Temple   | Became a worshipper of Warmaster Okawaru
  3709 | D:4      | Noticed Edmund
  3745 | D:4      | Slain by Edmund

Illustrated notes

Levels and vault maps discovered:
D:1:      matt_arrival_refuge, layout_rooms
D:2:      layout_loops_ring
D:3:      layout_rooms, tso_oasis_becter, serial_corexii_hall,
          corexii_hall_statues_u, corexii_hall_statues_i,
          chequers_ecumenical_altar_lobes, dreamdust_princess_bridge,
          minmay_ruptured
D:4:      layout_loops_ring, temple_pool_b, ebering_ghost_sewer_d,
          gup_sewer_entry_bowl, nicolae_shop_i_like_big_books,
          hangedman_abyss_or_decor_passed, chequers_serial_rivers_small_b,
          nicolae_twisty_statue_hallways, uniq_edmund
Temple:   mainiacjoe_temple_big_plus

Skill      XL: |  1  2  3  4  5  6 |
---------------+-------------------+-----
Fighting       | 3 4 5 |  5.0
Dodging        | 3 |  3.0
Throwing       | 3 4 |  4.7
Polearms       | 4 5 |  5.0

Action                     |  1- 3 |  4- 6 || total
---------------------------+-------+-------++-------
  Melee: Trident           |   118 |   288 ||   406
         Punch             |       |     2 ||     2
  Throw: Large rock        |       |     2 ||     2
         Dart              |       |     8 ||     8
         Boomerang         |       |     8 ||     8
    Use: Scroll            |       |    14 ||    14
         Potion            |       |     6 ||     6
   Stab: Sleeping          |     1 |       ||     1
 Armour: Robe              |    87 |   280 ||   367
  Dodge: Dodged            |    87 |   238 ||   325

Table legend: (Time is in decaauts)
 A = Elapsed time spent in this place.
 B = Non-inter-level travel time spent in this place.
 C = Inter-level travel time spent in this place.
 D = Time resting spent in this place.
 E = Time spent auto-exploring this place.
 F = Levels seen in this place.
 G = Mean time per level.
                   A        B        C        D        E       F      G
               +--------+--------+--------+--------+--------+-----+--------+
         Total |   3776 |   3538 |    238 |    524 |   1881 |   6 |  629.3 |
       Dungeon |   2794 |   2615 |    179 |     99 |   1855 |   4 |  698.5 |
        Temple |     61 |      2 |     59 |      0 |      0 |   1 |   61.0 |
         Sewer |    920 |    920 |      0 |    425 |     26 |   1 |  920.0 |
               +--------+--------+--------+--------+--------+-----+--------+

Top non-repeatable levels by time:
     D:3: 973 daAuts
   Sewer: 920 daAuts
     D:2: 746 daAuts
     D:1: 624 daAuts
     D:4: 449 daAuts
  Temple: 61 daAuts
